 Dungeon Crawl Stone Soup version 0.29.0-5-ge4962eb29e (webtiles) character file.

Game seed: 10410541540281308405

18 xian the Digger (level 2, -7/20 HPs)
             Began as a Ghoul Earth Elementalist on Aug 28, 2022.
             Was an Initiate of Ru.
             Mangled by an iguana (10 damage)
             ... on level 2 of the Dungeon.
             The game lasted 00:02:29 (1238 turns).

xian the Digger (Ghoul Earth Elementalist)          Turns: 1238, Time: 00:02:29

Health: -7/20      AC:  3    Str: 11    XL:     2   Next: 66%
Magic:  2/4        EV: 12    Int: 10    God:    Ru [......]
Gold:   127        SH:  0    Dex:  9    Spells: 2/5 levels left

rFire   . . .      SeeInvis .   c - +0 hand axe
rCold   + . .      Faith    .   (no shield)
rNeg    + + +      Spirit   .   a - +0 robe
rPois   ∞          Reflect  .   (no helmet)
rElec   .          Harm     .   (no cloak)
rCorr   .          Rampage  .   k - +0 pair of gloves
Will    .....                   (no boots)
Stlth   ++........              (no amulet)
HPRegen 0.00/turn               f - ring of flight
MPRegen 0.09/turn               (no ring)

@: flying, inhibited regen
A: claws 1, cold resistance 1, negative energy resistance 3, inhibited
regeneration, torment resistance 2, devour on kill
a: Renounce Religion, Sacrifice Purity, Sacrifice Love, Sacrifice Skill, Reject
Sacrifices


You were on level 2 of the Dungeon.
You worshipped Ru.
Ru was noncommittal.
You visited 1 branch of the dungeon, and saw 2 of its levels.

You collected 127 gold pieces.

Inventory:

Hand Weapons
 c - a +0 hand axe (weapon)
Armour
 a - a +0 robe (worn)
 k - a +0 pair of gloves (worn)
Jewellery
 f - a ring of flight (left hand)
Scrolls
 d - 2 scrolls of butterflies {unknown}
 e - 2 scrolls of identify {unknown}
 g - a scroll of vulnerability {unknown}
 h - a scroll of amnesia {unknown}
 j - a scroll of silence {unknown}
Potions
 i - a potion of resistance {unknown}
 l - a potion of berserk rage {unknown}
 m - a potion of lignification {unknown}
 n - a potion of mutation {unknown}


   Skills:
 + Level 1.8 Dodging
 + Level 2.2 Stealth
 + Level 0.7 Unarmed Combat
 + Level 2.1 Spellcasting
 + Level 1.0 Transmutations
 + Level 3.6 Earth Magic


You had 2 spell levels left.
You knew the following spells:

 Your Spells              Type           Power      Damage    Failure   Level
a - Sandblast             Erth           16%        2d6       7%          1
b - Passwall              Tmut/Erth      4%         N/A       19%         2

Your spell library contained the following spells:

 Spells                   Type           Power      Damage    Failure   Level
 Stone Arrow              Conj/Erth      8%         3d7       41%         3
 Petrify                  Tmut/Erth      5%         N/A       75%         4


Dungeon Overview and Level Annotations

Branches:
Dungeon (2/15)

Altars:
Ru

Annotations:
D:1 1 runed translucent door


Innate Abilities, Weirdness & Mutations

You are immune to poison.
You have sharp fingernails.
Your flesh is cold resistant. (rC+)
You are immune to negative energy. (rN+++)
You do not regenerate when monsters are visible.
You are immune to unholy pain and torment.
You thrive by killing the living.


Message History

There is a faded altar of an unknown god here.
There is a faded altar of an unknown god here.
You cannot tell which god this altar belongs to.
Convert to them anyway?
Ru accepts your prayer! Ru welcomes you!
An iguana comes into view.
An iguana is nearby!
The iguana hisses angrily.
The blast of sand hits the iguana but does no damage.
The blast of sand hits the iguana but does no damage.
The iguana bites you! x2
* * * LOW HITPOINT WARNING * * *
Ru believes you are ready to make a new sacrifice.
The iguana attacks as you move away!
The iguana bites you but does no damage.
The iguana attacks as you move away! The iguana misses you.
Okay, then.
Magic courses through your body.
The iguana bites you but does no damage.
You are too injured to fight recklessly!
Casting: Sandblast (safe; 7% risk of failure)
Confirm with . or Enter, or press ? or * to list all spells.
Aiming: Sandblast (safe; 7% risk of failure)
Press: ? - help, Shift-Dir - straight line, f/p - iguana
Aim: an iguana (83% to hit)
The blast of sand hits the iguana.
The iguana is lightly wounded.
The iguana bites you.
* * * LOW HITPOINT WARNING * * *
Casting: Sandblast (safe; 7% risk of failure)
Confirm with . or Enter, or press ? or * to list all spells.
Aiming: Sandblast (safe; 7% risk of failure)
Press: ? - help, Shift-Dir - straight line, f/p - iguana
Aim: an iguana (lightly wounded, 83% to hit)
The blast of sand hits the iguana.
The iguana is moderately wounded.
The iguana bites you but does no damage.
The iguana bites you!
Ouch! That really hurt!
You die...

.....##.# #.#.#### #.......#
#.#....### . #
#.......#####.........
..#.###.......##............
..............##........#...
#..P~⌠~~⌠P~...##........#...
#..⌠......⌠...#.............
##...####.~...#....##....###
... #_...l@.......##....##.
. ####.~....#########.##.
.PP..⌠.#.## #....'.
.⌠~~P~~...# ........##.
...........# ........#..
..#.##.##..# ...........
.... ..##..# ..........† ##
.####..# #####+#.... #....


You could see an iguana.

Vanquished Creatures
  2 giant cockroaches
  3 hobgoblins (D:1)
  2 quokkas (D:1)
  A ball python (D:1)
  2 bats (D:1)
  2 frilled lizards (D:1)
  2 goblins (D:1)
  2 kobolds (D:1)
  A rat (D:1)
17 creatures vanquished.

Vanquished Creatures (others)
  2 fungi (D:2)
  A plant (D:2)
3 creatures vanquished.

Grand Total: 20 creatures vanquished

Notes
Turn   | Place    | Note
-------+----------+-------------------------------------------
     0 | D:1      | xian the Ghoul Earth Elementalist began the quest for the
                  | Orb.
     0 | D:1      | Reached XP level 1. HP: 14/14 MP: 2/2
     1 | D:1      | Found a runed translucent door.
   504 | D:1      | Reached XP level 2. HP: 20/20 MP: 0/3
   598 | D:1      | Reached skill level 1 in Transmutations
   722 | D:1      | Learned a level 2 spell: Passwall
  1201 | D:2      | Found a faded altar of an unknown god.
  1223 | D:2      | Prayed at the altar of an unknown god.
  1223 | D:2      | Became a worshipper of Ru the Awakened
  1238 | D:2      | Mangled by an iguana

Illustrated notes

Levels and vault maps discovered:
D:1:      dpeg_arrival_caged_fury, layout_loops_ring
D:2:      layout_basic, shapermc_ecumenical_altar_acropolis

Skill      XL: |  1  2 |
---------------+-------+-----
Spellcasting   | 2 |  2.1
Transmutations | 1 |  1.0
Dodging        | |  1.8
Stealth        | |  2.2
Unarmed Combat | |  0.7
Earth Magic    | |  3.6

Action                   || total
-------------------------++-------
Melee: Unarmed           ||    12
       Punch             ||     1
       Hand axe          ||     8
 Cast: Sandblast         ||    25
  Use: Potion            ||     1
Armor: Robe              ||     5
Dodge: Dodged            ||    14
